 Dungeon Crawl Stone Soup version 0.29.1-2-gbd0b4ee654 (webtiles) character file.

Game seed: 6148316933249319756

27 GorkyZ the Trooper (level 2, -2/24 HPs)
             Began as a Demonspawn Fighter on Nov 22, 2022.
             Frozen to death by an endoplasm (4 damage)
             ... on level 1 of the Dungeon.
             The game lasted 00:01:37 (408 turns).

GorkyZ the Trooper (Demonspawn Fighter)              Turns: 408, Time: 00:01:37

Health: -2/24      AC:  6    Str: 16    XL:     2   Next: 93%
Magic:  2/2        EV:  9    Int:  9    God:
Gold:   60         SH:  4    Dex: 12    Spells: 1/1 levels left

rFire   . . .      SeeInvis +   a - +0 war axe
rCold   . . .      Faith    .   c - +0 buckler
rNeg    . . .      Spirit   .   b - +0 scale mail
rPois   .          Reflect  .   (no helmet)
rElec   .          Harm     .   (no cloak)
rCorr   .          Rampage  .   (no gloves)
Will    .....                   (no boots)
Stlth   ..........              (no amulet)
HPRegen 0.08/turn               f - ring of see invisible
MPRegen 0.08/turn               (no ring)

@: no status effects
A: weakness stinger 1
a: no special abilities


You were on level 1 of the Dungeon.
You visited 1 branch of the dungeon, and saw 1 of its levels.

You collected 60 gold pieces.

Inventory:

Hand Weapons
 a - a +0 war axe (weapon)
Armour
 b - a +0 scale mail (worn)
 c - a +0 buckler (worn)
Jewellery
 f - a ring of see invisible (left hand)
Scrolls
 e - 2 scrolls of teleportation {unknown}
 i - a scroll of blinking {unknown}
Potions
 d - a potion of might
 g - a potion of haste {unknown}
 h - a potion of curing {unknown}


   Skills:
 + Level 3.1 Fighting
 + Level 2.1 Axes
 + Level 0.5 Throwing
 + Level 2.8 Armour
 + Level 0.6 Dodging
 + Level 2.8 Shields
 + Level 0.5 Evocations


You had one spell level left.
You didn't know any spells.
Your spell library contained the following spells:

 Spells                   Type           Power      Damage    Failure   Level
 Portal Projectile        Hex/Tloc       0%         N/A       99%         3
 Tukima's Dance           Hex            0%         N/A       99%         3
 Blade Hands              Tmut           0%         N/A       100%        5


Dungeon Overview and Level Annotations

Branches:
Dungeon (1/15)

Altars:


Innate Abilities, Weirdness & Mutations

You have a small tail.


Message History

The kobold attacks as you move away! You block the kobold's attack.
The kobold attacks as you move away! The kobold barely misses you.
The giant cockroach attacks as you move away!
The giant cockroach bites you.
You closely miss the kobold. The kobold barely misses you.
The giant cockroach waves its antennae.
You completely miss the kobold. The kobold hits you with a +4 dagger.
* * * LOW HITPOINT WARNING * * *
The kobold hits you with a +4 dagger.
* * * LOW HITPOINT WARNING * * *
You hit the kobold.
You kill the kobold!
The ball python barely misses you. The ball python grabs you.
The ball python constricts you.
You barely miss the ball python.
You tail-slap the ball python, but do no damage.
The ball python closely misses you. The ball python constricts you.
The ball python bites you but does no damage.
The ball python constricts you.
You slash the ball python!
You kill the ball python!
The giant cockroach barely misses you.
You slash the giant cockroach!
You kill the giant cockroach!
The hobgoblin hits you but does no damage.
You hit the hobgoblin but do no damage.
The hobgoblin hits you but does no damage.
You closely miss the hobgoblin.
Your tail-slap misses the hobgoblin.
The hobgoblin closely misses you. You block the hobgoblin's attack.
You slash the hobgoblin!
You kill the hobgoblin!
You hit the endoplasm but do no damage. The endoplasm freezes you.
You are frozen.
* * * LOW HITPOINT WARNING * * *
You block the endoplasm's attack.
You barely miss the endoplasm. The endoplasm freezes you.
You are frozen.
You die...

#..#.#.########
####.'.........
#.#.########## #.
##.#.รท......... #.
#..############ #.
##..)....#...### ##.
##..###..........
..##..## #..####.###
#.#@..# #..# #.#
#.#J#.# #..# #.#
#)..).# #..# #.#
)......)..## #..# #.#
#.#.#....## #..# #.# #
#....######..########
.....................
........####..########
.........####..#######


You could see an endoplasm.

Vanquished Creatures
  A dart slug (D:1)
  3 ball pythons (D:1)
  2 endoplasms (D:1)
  A giant cockroach (D:1)
  3 goblins (D:1)
  2 hobgoblins (D:1)
  2 jackals (D:1)
  4 kobolds (D:1)
  2 bats (D:1)
  2 rats (D:1)
22 creatures vanquished.

Vanquished Creatures (others)
  2 plants (D:1)
2 creatures vanquished.

Grand Total: 24 creatures vanquished

Notes
Turn   | Place    | Note
-------+----------+-------------------------------------------
     0 | D:1      | GorkyZ the Demonspawn Fighter began the quest for the Orb.
     0 | D:1      | Reached XP level 1. HP: 18/18 MP: 1/1
   148 | D:1      | Gained mutation: You have a small tail. [demonic ancestry]
   148 | D:1      | Reached XP level 2. HP: 24/24 MP: 2/2
   407 | D:1      | HP: 1/24 [frozen (3)]
   408 | D:1      | Frozen to death by an endoplasm

Illustrated notes

Levels and vault maps discovered:
D:1:      zelgadis_glass_arrival_large, layout_rooms, serial_bayou_pond_b,
          minmay_misc_feat_roman, minmay_misc_feat_plants, minmay_pentomino_u4

Skill      XL: |  1 |
---------------+----+-----
Axes           | 2 |  2.1
Fighting       | |  3.1
Throwing       | |  0.5
Armour         | |  2.8
Dodging        | |  0.6
Shields        | |  2.8
Evocations     | |  0.5

Action                   || total
-------------------------++-------
Melee: War axe           ||    38
       Tailslap          ||     1
Armor: Scale mail        ||    26
Dodge: Dodged            ||    17
Block: Buckler           ||    12
